 Dungeon Crawl Stone Soup version 0.30.1-11-g7821555f0a (webtiles) character file.

Game seed: 13518191844283607852

440 lonewolfV2 the Trooper (level 7, 0/88 HPs)
             Began as a Formicid Fighter on Nov 16, 2023.
             Was an Initiate of Ashenzari.
             Succumbed to a kobold brigand's poison
             ... on level 4 of the Dungeon.
             The game lasted 00:05:51 (3390 turns).

lonewolfV2 the Trooper (Formicid Fighter)           Turns: 3390, Time: 00:05:52

Health: 0/88       AC: 23    Str: 28    XL:     7   Next: 22%
Magic:  7/7        EV:  2    Int:  8    God:    Ashenzari [......]
Gold:   285        SH: 11    Dex: 23    Spells: 6/6 levels left

rFire   . . .        b - +8 hand axe "Per Aspera Ad Scientiam" {venom, Dex+4, Comp, Melee} (curse)
rCold   . . .        e - +0 kite shield
rNeg    . . .        s - melded +0 chain mail
rPois   +            (helmet unavailable)
rElec   .            (cloak currently unavailable)
rCorr   .            (gloves currently unavailable)
SInv    .            (boots currently unavailable)
Will    .....        (no amulet)
Stlth   ++           c - +6 ring of dexterity
HPRegen 0.34/turn    r - +6 ring of strength
MPRegen 0.10/turn

%: no passive effects
@: lethally poisoned (0 -> -8), tree-form
A: stationary, stasis, torment immunity, boosted hp, permanent stasis, dig
shafts and tunnels, (antennae 3), four strong arms
a: Renounce Religion, Shatter the Chains


You were on level 4 of the Dungeon.
You worshipped Ashenzari.
Ashenzari was noncommittal.
You were a tree.
You visited 1 branch of the dungeon, and saw 4 of its levels.

You collected 285 gold pieces.

Inventory:

Hand Weapons
 a - a +1 war axe
 b - the cursed +8 hand axe "Per Aspera Ad Scientiam" (weapon) {venom, Dex+4, Comp, Melee}
   (You found it on level 4 of the Dungeon)

   Dex:       It affects your dexterity (+4).
   It has a curse which improves the following skills: Companions: Summonings
   and Necromancy.
   Melee Combat: Short Blades, Long Blades, Axes, Maces & Flails, Polearms,
   Staves and Unarmed Combat.
Missiles
 j - a throwing net
Armour
 e - a +0 kite shield (worn)
 s - a +0 chain mail (melded)
Jewellery
 c - a +6 ring of dexterity (left branch)
 r - a +6 ring of strength (right branch)
Scrolls
 f - a scroll of noise
Potions
 d - a potion of might
 g - a potion of degeneration
 h - a potion of ambrosia
 i - a potion of attraction
 k - 2 potions of mutation
 l - a potion of lignification
 n - a potion of flight
 o - 2 potions of curing {unknown}


   Skills:
 + Level 6.3 Fighting
 - Level 2.0(2.3) Axes
 + Level 6.3 Armour
 - Level 4.0 Shields


You had 6 spell levels left.
You didn't know any spells.
Your spell library contained the following spells:

 Spells                   Type           Power      Damage    Failure   Level
 Freeze                   Ice            0%         1d3       63%         1
 Cigotuvi's Dreadful Rot  Necr/Pois/Air  0%         N/A       77%         2
 Frozen Ramparts          Ice            0%         1d1       94%         3
 Gell's Gravitas          Tloc           0%         N/A       94%         3
 Hailstorm                Conj/Ice       0%         3d3       94%         3
 Ignite Poison            Fire/Tmut/Pois 0%         N/A       94%         3
 Teleport Other           Tloc           0%         N/A       94%         3
 Ice Form                 Ice/Tmut       0%         N/A       100%        4
 Summon Ice Beast         Ice/Summ       0%         N/A       100%        4
 Freezing Cloud           Conj/Ice/Air   0%         6-21      100%        5
 Dispersal                Tloc           0%         N/A       100%        6


Dungeon Overview and Level Annotations

Branches:
Dungeon (4/15)             Temple (0/1) D:4

Altars:
Ashenzari

Annotations:
D:3 2 transporters, Azazsd's ghost, weakling DsCK


Innate Abilities, Weirdness & Mutations

You are a tree.
Your roots penetrate the ground, keeping you stationary.
You cannot be teleported.
You are immune to unholy pain and torment.
Your maximum health is greatly increased.
Your equipment is partially melded.
You cannot be hasted, slowed, berserked, paralysed or teleported.
You can dig through walls and to a lower floor.
((You have a pair of large antennae on your head. (SInv)))
Your four strong arms can wield two-handed weapons with a shield.


Message History

You hit the kobold brigand.
The kobold brigand looks as sick as possible!
The kobold brigand is heavily wounded.
You closely miss the kobold.
You feel extremely sick. The kobold hits you with a +0 dagger.
You block the kobold brigand's attack.
You hit the kobold brigand.
The kobold brigand looks as sick as possible!
The kobold brigand is severely wounded.
You closely miss the kobold.
You feel very sick. You block the kobold's attack.
The kobold brigand hits you but does no damage.
You are lethally poisoned!
You slash the kobold brigand!
The kobold brigand looks as sick as possible!
The kobold brigand is almost dead.
You closely miss the kobold.
* * * LOW HITPOINT WARNING * * *
You feel extremely sick.
You kill the kobold brigand!
The kobold barely misses you. The kobold hits you but does no damage.
* * * LOW HITPOINT WARNING * * *
You feel very sick. The kobold completely misses you.
Things that are here:
a +0 dagger of venom; 4 poisoned darts; a kobold corpse You slash the kobold!
You kill the kobold!
* * * LOW HITPOINT WARNING * * *
You feel very sick.
It was a potion of flight.
You feel very buoyant.
You fly up into the air.
* * * LOW HITPOINT WARNING * * *
You feel very sick.
It was a potion of lignification.
You turn into a tree.
Your +0 chain mail melds into your body.
Your roots penetrate the ground.
You die...

##.# #........#.....
#######..# #......###.####
..>.....## #......# #.#
.#.#...## ##### #......#
#.#### .#.#...#
###~~~####......###.#...
.#.#...#
#~~~~~~~~~########..'...
.#.'...##
~~~~~≈~######.K.####...
)###....####≈≈≈###......{K
#### .#
#.......#####♣).....###{ .#
#..).........))######≈### .#
###.)###...))###~~~≈≈≈≈~###
.#
##...#######....~~≈~~~~~####
.#
###.........##..~~~~~##....
<# #############.....#...###
.# #####...### # .# #...# #
.# #...#


There were no monsters in sight!

Vanquished Creatures
  A phantom (D:4)
  A kobold brigand (D:4)
  A sleepcap (D:4)
  4 orc wizards
  A gnoll (D:1)
  4 adders
  2 worms
  A dart slug (D:1)
  8 orcs
  5 bats
  10 endoplasms
  3 giant cockroaches
  16 goblins
  12 hobgoblins
  8 jackals
  14 kobolds
  2 quokkas
  7 ball pythons
  2 frilled lizards (D:2)
  A rat (D:1)
103 creatures vanquished.

Vanquished Creatures (others)
  A frilled lizard (D:1)
1 creature vanquished.

Grand Total: 104 creatures vanquished

Notes
Turn   | Place    | Note
-------+----------+-------------------------------------------
     0 | D:1      | lonewolfV2 the Formicid Fighter began the quest for the
                  | Orb.
     0 | D:1      | Reached XP level 1. HP: 18/18 MP: 1/1
    40 | D:1      | Reached XP level 2. HP: 25/25 MP: 2/2
   188 | D:1      | Reached XP level 3. HP: 30/30 MP: 3/3
   213 | D:1      | Found a faded altar of an unknown god.
   224 | D:1      | Prayed at the altar of an unknown god.
   224 | D:1      | Became a worshipper of Ashenzari the Shackled
   986 | D:2      | Reached XP level 4. HP: 38/38 MP: 4/4
  1743 | D:3      | Reached XP level 5. HP: 23/43 MP: 5/5
  1967 | D:3      | Found a transporter.
  1967 | D:3      | Noticed Azazsd's ghost (weakling DsCK)
  2017 | D:3      | Reached skill level 5 in Fighting
  2017 | D:3      | Reached skill level 5 in Armour
  2262 | D:3      | Found a transporter.
  2794 | D:4      | Found a staircase to the Ecumenical Temple.
  2826 | D:4      | Reached XP level 6. HP: 47/51 MP: 6/6
  3001 | D:4      | Identified the +8 hand axe of Perversion {venom, Dex+4}
  3381 | D:4      | Reached XP level 7. HP: 50/58 MP: 7/7
  3389 | D:4      | HP: 1/59 [poisoned by a kobold brigand]
  3390 | D:4      | Succumbed to a kobold brigand's poison

Illustrated notes

Levels and vault maps discovered:
D:1:      onia_arrival_pyramid, layout_loops_cross,
          dreamdust_ecumenical_altar_hidden_monk_grotto
D:2:      layout_basic
D:3:      cheibrodos_greedy_goblins, layout_basic, gammafunk_ghost_arena
D:4:      cheibrodos_thug_alley, layout_basic, minmay_temple_entry_grid

Skill      XL: |  1  2  3  4  5  6 |
---------------+-------------------+-----
Armour         | 4 5 6 |  6.3
Fighting       | 4 5 6 |  6.3
Axes           | |  2.0
Shields        | |  4.0

Action                     |  1- 3 |  4- 6 |  7- 9 || total
---------------------------+-------+-------+-------++-------
  Melee: War axe           |    85 |   115 |       ||   200
         Hand axe          |       |    33 |     6 ||    39
 Invoke: Curse Item        |       |     1 |       ||     1
    Use: Scroll            |     5 |     7 |       ||    12
         Potion            |       |       |     2 ||     2
 Armour: Scale mail        |    65 |    42 |       ||   107
         Chain mail        |       |    43 |     5 ||    48
  Dodge: Dodged            |    29 |    59 |     3 ||    91
  Block: Buckler           |    38 |    11 |       ||    49
         Kite shield       |       |    82 |     7 ||    89
